 Dungeon Crawl Stone Soup version 0.29.1-2-gbd0b4ee654 (webtiles) character file.

Game seed: 8571445391090171090

71737 ymhsbmbesitwf the Warrior (level 14, -6/140 HPs)
             Began as a Grey Draconian Fighter on Nov 21, 2022.
             Was a High Priest of Trog.
             Shot with a bolt by a +1 hand crossbow of venom (18 damage)
             ... in a wizard's laboratory.
             The game lasted 01:54:18 (22831 turns).

ymhsbmbesitwf the Warrior (Grey Draconian Fighter) Turns: 22831, Time: 01:54:19

Health: -6/140     AC: 18    Str: 30    XL:     14   Next: 98%
Magic:  14/14      EV: 15    Int:  8    God:    Trog [*****.]
Gold:   28         SH:  9    Dex: 10    Spells: 13/13 levels left

rFire   + . .      SeeInvis .   T - +3 hand axe (vamp)
rCold   + . .      Faith    .   x - +3 buckler {reflect}
rNeg    . . .      Spirit   .   (body armour unavailable)
rPois   +          Reflect  +   (helmet restricted)
rElec   .          Harm     .   q - +2 cloak {rPois}
rCorr   +          Rampage  .   C - +0 pair of gloves of the Fiend {Stlth+}
Will    +....                   E - +0 pair of boots {Fly}
Stlth   +++.......              f - amulet of Dair {Regen+ Str+5 Stlth+}
HPRegen 1.13/turn               b - ring "Furosm Xiofi" {rC+ rCorr}
MPRegen 0.14/turn               A - ring of protection from fire

@: flying, studying Maces & Flails
A: AC +13, amphibious, unfitting armour, cold-blooded
a: Renounce Religion, Berserk, Trog's Hand, Brothers in Arms


You were in a wizard's laboratory.
You worshipped Trog.
Trog was extremely pleased with you.
You visited 5 branches of the dungeon, and saw 21 of its levels.
You also visited: Wizlab.

You collected 2028 gold pieces.
You spent 2000 gold pieces at shops.

Inventory:

Hand Weapons
 a - a +5 war axe
 d - a +2 hand axe of flaming
 I - a +4 hand axe of freezing
 T - a +3 vampiric hand axe (weapon)
 Y - the +10 broad axe of Exoneration {vorpal, rElec Str+3}
   (Trog gifted it to you on level 5 of the Lair of Beasts)

   It inflicts extra damage upon your enemies.
   Str:       It affects your strength (+3).
   rElec:     It insulates you from electricity.
Missiles
 c - 30 poisoned darts (quivered)
Armour
 m - the +0 cloak of Geynk {rElec}
   (You found it in a wizard's laboratory)

   rElec:     It insulates you from electricity.
 q - a +2 cloak of poison resistance (worn)
 x - a +3 buckler of reflection (worn)
 C - the +0 pair of gloves of the Fiend (worn) {Stlth+}
   (You bought it in a shop on level 2 of the Orcish Mines)

   Stlth:     It makes you more stealthy.
 E - a +0 pair of boots of flying (worn)
Jewellery
 b - the ring "Furosm Xiofi" (left hand) {rC+ rCorr}
   (You bought it in a shop on level 2 of the Orcish Mines)

   [ring of protection from cold]

   rC:        It protects you from cold.
   rCorr:     It protects you from acid and corrosion.
 f - the amulet of Dair (around neck) {Regen+ Str+5 Stlth+}
   (You acquired it on level 1 of the Orcish Mines)

   [amulet of regeneration]

   Str:       It affects your strength (+5).
   Regen:     It increases your rate of health regeneration.
   Stlth:     It makes you more stealthy.
 g - a +6 ring of strength
 n - a +6 ring of dexterity
 A - a ring of protection from fire (right hand)
 J - a ring of see invisible
 L - an amulet of reflection
 P - a ring of flight
Wands
 i - a wand of digging (9)
 u - a wand of polymorph (5)
 w - a wand of flame (49)
 G - a wand of quicksilver (11)
 H - a wand of charming (4)
 M - a wand of roots (8)
Scrolls
 e - a scroll of poison
 j - 2 scrolls of amnesia {unknown}
 k - 8 scrolls of teleportation
 l - 3 scrolls of blinking
 o - 3 scrolls of immolation
 r - 5 scrolls of fear
 D - 2 scrolls of magic mapping {unknown}
 K - 4 scrolls of torment
 O - a scroll of silence
 V - a scroll of summoning {unknown}
 Z - a scroll of enchant weapon
Potions
 h - 13 potions of curing
 p - 3 potions of haste
 s - 4 potions of lignification
 t - a potion of resistance
 v - 2 potions of mutation {unknown}
 z - 2 potions of flight
 F - a potion of invisibility
 Q - a potion of magic {unknown}
 R - 2 potions of might
 S - a potion of attraction {unknown}
 W - a potion of cancellation {unknown}
Miscellaneous
 y - a phantom mirror
 B - a condenser vane
 N - a tin of tremorstones (2/2)
 U - a tin of tremorstones (2/2)
 X - a phial of floods


   Skills:
 + Level 17.1 Fighting
 * Level 16.8 Axes
 - Level 11.5 Dodging
 - Level 8.8 Shields


You had 13 spell levels left.
You didn't know any spells.
Your spell library was empty.

Dungeon Overview and Level Annotations

Branches:
Dungeon (12/15)            Temple (1/1) D:6            Lair (5/5) D:9
 Shoals (0/4) Lair:3       Spider (0/4) Lair:2        Slime (0/5) Lair:4
    Orc (2/2) D:10            Elf (1/3) Orc:2        WizLab (1/1)

Altars:
Ashenzari
Cheibriados
Dithmenos
Elyvilon
Fedhas
Gozag
Hepliaklqana
Kikubaaqudgha
Makhleb
Nemelex Xobeh
Okawaru
Qazlal
Ru
Sif Muna
Trog
Uskayaw
Vehumet
Wu Jian
Xom
Yredelemnul
Zin
The Shining One
Jiyva

Shops:
D:1 [   D:8 ?   D:11 [   Orc:2 (=**[   Elf:1 (

Portals:
Ice
Cave: Elf:1


Innate Abilities, Weirdness & Mutations

Your dull iron-grey scales are very hard. (AC +13)
You are amphibious.
You cannot fit into any form of body armour.
You are cold-blooded and may be slowed by cold attacks.


Message History

The rakshasa is almost dead.
You slice the walking divine tome!! You slash the walking divine tome!
The living spell casts itself at you. Something smites you!
The walking divine tome erupts in a flurry of living spells!
The walking divine tome hits you but does no damage.
The rakshasa gestures at you. The lance of force hits you!
You are knocked back by the lance of force.
You slam into the translucent rock wall!
The +1 hand crossbow of venom shoots a bolt.
You reflect the bolt off your +3 buckler of reflection!
The bolt completely misses the +1 hand crossbow of venom.
The walking divine tome closely misses you.
The walking divine tome hits you but does no damage.
The rakshasa gestures at you. The lance of force hits you!
You are knocked back by the lance of force.
You slam into the translucent rock wall!
* * * LOW HITPOINT WARNING * * *
The living spell casts itself at you. Something smites you!
* * * LOW HITPOINT WARNING * * *
The living spell casts itself at you. Something smites you!
* * * LOW HITPOINT WARNING * * *
You feel a sense of dread.
T - a +3 vampiric hand axe (weapon)
You closely miss the +1 hand crossbow of venom.
Your tail-slap misses the +1 hand crossbow of venom.
The +1 hand crossbow of venom shoots a bolt.
The bolt barely misses you.
The rakshasa weaves an illusion.
The +1 hand crossbow of venom shimmers and seems to become two!
You hit the walking divine tome.
The walking divine tome is lightly damaged.
You hit the +1 hand crossbow of venom but do no damage.
The +1 hand crossbow of venom shoots a bolt.
The bolt hits you!!
You die...

##..# ###.###
##)'####...####++##
###..###.....###..###
##.).###..⌠..###...##
##..####.....####..###
#...#####...#####...###
..⌠..#####)#####(;⌠..###
....#####.).#####(....###
##...###...).###@;R##..##
##.........).......##...#
...##...........##.....##
..######.....######..[###
########[::[.#### ######
### ####### #### #####


You could see 2 walking divine tomes, a rakshasa and 2 dancing weapons.

Vanquished Creatures
  Jorgrun (Orc:2)
  A strange machine (WizLab)
  A deep elf elementalist (Elf:1)
  Snorg (Lair:3)
  2 boulder beetles
  3 rakshasas (WizLab)
  Josephine (Lair:5)
  A catoblepas (Lair:5)
  Erolcha (D:9)
  A centaur warrior (D:11)
  3 hydras (Lair:5)
  2 ogre magi (Orc:2)
  9 two-headed ogres
  7 dancing weapons
  11 death yaks (Lair:5)
  A deep troll shaman (Lair:5)
  Urug (Orc:1)
  A deep elf knight (Elf:1)
  2 deep trolls (Orc:1)
  2 spriggan simulacra (Elf:1)
  A lindwurm (Lair:4)
  3 deep elf zephyrmancers (Elf:1)
  2 cyclopes
  3 deep elf pyromancers (Elf:1)
  3 elephants (Lair:5)
  Joseph (D:8)
  6 black mambas
  6 cane toads
  4 molten gargoyles (Elf:1)
  2 rime drakes
  A kobold demonologist (D:10)
  9 komodo dragons
  3 anaconda simulacra (Elf:1)
  8 trolls
  A hornet (D:9)
  3 burning bushes (Lair:3)
  6 blink frogs
  4 dream sheep (Lair:3)
  35 yaks
  A vampire (D:12)
  6 wraiths
  A fire elemental (Elf:1)
  7 basilisks
  8 wyverns
  A minotaur simulacrum (Elf:1)
  4 vampire mosquitoes (D:11)
  Grum (D:8)
  7 steam dragons
  14 water moccasins
  2 acid dragons (D:11)
  13 orc warriors
  A sky beast (D:7)
  3 black bears
  An ice beast (D:5)
  19 ogres
  36 wolves
  A centaur (D:7)
  3 phantoms
  2 kobold brigands
  2 deep troll simulacra (Elf:1)
  9 bullfrogs
  A wyvern zombie (D:6)
  5 necrophages
  4 scorpions
  An earth elemental (Elf:1)
  14 wights
  3 howler monkeys
  3 electric eels
  A bullfrog zombie (D:6)
  A centaur zombie (D:6)
  A lava snake (Elf:1)
  A human zombie (D:6)
  19 orc priests
  5 hounds
  17 orc wizards
  2 iguanas (D:5)
  4 hell rats (Lair:3)
  3 mummies (D:6)
  A howler monkey zombie (D:6)
  5 adders
  A shadow imp (D:5)
  A white imp (D:7)
  3 worms
  4 dart slugs (D:1)
  58 orcs
  9 ball pythons
  4 endoplasms
  4 goblins
  7 hobgoblins
  3 quokkas
  3 training dummies (Orc:2)
  6 bats
  3 frilled lizards
  17 kobolds
  5 rats
  A butterfly (Lair:3)
515 creatures vanquished.

Vanquished Creatures (others)
  A rime drake (Lair:3)
  37 fungi
  25 plants
63 creatures vanquished.

Grand Total: 578 creatures vanquished

Notes
Turn   | Place    | Note
-------+----------+-------------------------------------------
     0 | D:1      | ymhsbmbesitwf the Draconian Fighter began the quest for the
                  | Orb.
     0 | D:1      | Reached XP level 1. HP: 19/19 MP: 1/1
   339 | D:1      | Reached XP level 2. HP: 26/26 MP: 2/2
   565 | D:1      | Found a faded altar of an unknown god.
   684 | D:1      | Found Joihocun's Armour Shop.
   742 | D:1      | Reached XP level 3. HP: 32/33 MP: 3/3
  1699 | D:2      | Reached skill level 4 in Fighting
  2074 | D:3      | Reached XP level 4. HP: 10/41 MP: 4/4
  2077 | D:3      | HP: 2/41 [orc/+2 hand axe of flaming (1)]
  2524 | D:3      | Found a basalt altar of Yredelemnul.
  3005 | D:3      | Found a white marble altar of Elyvilon.
  3670 | D:1      | Bought a +1 cloak of poison resistance for 162 gold pieces
  3760 | D:4      | Found a radiant altar of Vehumet.
  3800 | D:4      | Found a hide-covered altar of Uskayaw.
  4020 | D:4      | Noticed a wyvern
  4021 | D:4      | Reached XP level 5. HP: 47/47 MP: 5/5
  4027 | D:4      | Killed a wyvern
  4028 | D:4      | Reached skill level 5 in Fighting
  4028 | D:4      | Reached XP level 6. HP: 24/56 MP: 6/6
  4849 | D:5      | Entered Level 5 of the Dungeon
  4851 | D:5      | Noticed a water moccasin
  4861 | D:5      | Reached skill level 6 in Fighting
  4869 | D:5      | Killed a water moccasin
  4870 | D:5      | Your scales start taking on a dull iron-grey colour.
  4870 | D:5      | Reached XP level 7. HP: 44/63 MP: 7/7
  5267 | D:5      | Reached skill level 7 in Fighting
  5267 | D:5      | Reached skill level 5 in Shields
  5457 | D:5      | Reached XP level 8. HP: 18/73 MP: 8/8
  6371 | D:6      | Reached skill level 5 in Dodging
  6427 | D:6      | Reached skill level 8 in Fighting
  6427 | D:6      | Reached skill level 5 in Axes
  6548 | D:6      | Found a staircase to the Ecumenical Temple.
  6554 | Temple   | Entered the Ecumenical Temple
  6563 | Temple   | Became a worshipper of Trog the Wrathful
  6674 | D:6      | You fall into a shaft and drop 3 floors!
  6710 | D:8      | Found a transporter.
  7048 | D:6      | Found an ancient bone altar of Kikubaaqudgha.
  7185 | D:6      | Reached XP level 9. HP: 81/82 MP: 9/9
  7398 | D:6      | Reached skill level 9 in Fighting
  7896 | D:7      | Found an ornate altar of the Wu Jian Council.
  7962 | D:7      | Found a broken altar of Ashenzari.
  8030 | D:7      | Reached * piety under Trog
  8079 | D:7      | Found a glowing silver altar of Zin.
  8263 | D:8      | Noticed Joseph
  8275 | D:8      | Killed Joseph
  8386 | D:8      | Found Sun Xoj's Magic Scroll Emporium.
  8422 | D:8      | Noticed Grum
  8428 | D:8      | Reached skill level 10 in Fighting
  8435 | D:8      | Killed Grum
  8657 | D:8      | Found a transporter.
  8875 | D:9      | Reached XP level 10. HP: 93/93 MP: 10/10
  8885 | D:9      | Found a staircase to the Lair.
  9283 | D:1      | Bought a +0 pair of boots of flying for 138 gold pieces
  9786 | D:9      | Noticed Erolcha
  9814 | D:9      | Killed Erolcha
  9815 | D:9      | Reached skill level 11 in Fighting
 10065 | D:9      | Reached ** piety under Trog
 10519 | D:10     | Entered Level 10 of the Dungeon
 11016 | D:10     | Found a staircase to the Orcish Mines.
 11237 | D:10     | Found a transporter.
 11243 | D:10     | Found a transporter.
 11318 | D:10     | Found a transporter.
 11354 | D:10     | Found a transporter.
 11362 | D:10     | Reached XP level 11. HP: 104/104 MP: 11/11
 11955 | D:11     | Found Gasuxek's Antique Armour Shoppe.
 11983 | D:11     | Noticed a centaur warrior
 12004 | D:11     | Killed a centaur warrior
 12339 | D:11     | Reached skill level 12 in Fighting
 12662 | D:11     | Found a broken altar of Ashenzari.
 12896 | D:11     | Noticed a boulder beetle
 12920 | D:11     | Killed a boulder beetle
 13334 | D:11     | Reached skill level 10 in Axes
 13639 | D:12     | Reached *** piety under Trog
 14178 | D:12     | Noticed a two-headed ogre
 14190 | D:12     | Killed a two-headed ogre
 14195 | D:12     | Noticed a four-headed hydra
 14439 | Orc:1    | Entered Level 1 of the Orcish Mines
 15045 | Orc:1    | Reached **** piety under Trog
 15259 | Orc:2    | Entered Level 2 of the Orcish Mines
 15259 | Orc:2    | Noticed Urug
 15626 | Orc:1    | Identified a scroll of acquirement
 15626 | Orc:1    | Acquired the amulet of Dair {Regen+ Str+5 Stlth+}
 15636 | Orc:2    | Noticed an ogre mage
 15649 | Orc:1    | Killed Urug
 15650 | Orc:1    | Reached skill level 13 in Fighting
 15693 | Orc:2    | Paralysed by an ogre mage for 3 turns
 15773 | Orc:2    | Noticed a deep troll
 15773 | Orc:2    | Noticed a two-headed ogre
 15774 | Orc:2    | Noticed a two-headed ogre
 15774 | Orc:2    | Noticed a two-headed ogre
 15784 | Orc:2    | Noticed a two-headed ogre
 15797 | Orc:1    | Killed a deep troll
 15878 | Orc:2    | Noticed a deep troll
 15948 | Orc:1    | Killed a two-headed ogre
 15949 | Orc:1    | Reached XP level 12. HP: 74/115 MP: 12/12
 16020 | Orc:1    | Killed a two-headed ogre
 16183 | Orc:1    | Killed a two-headed ogre
 16210 | Orc:2    | Noticed a two-headed ogre
 16211 | Orc:2    | Killed an ogre mage
 16215 | Orc:2    | Noticed a two-headed ogre
 16216 | Orc:2    | Noticed a two-headed ogre
 16226 | Orc:2    | Killed a two-headed ogre
 16235 | Orc:2    | Reached skill level 14 in Fighting
 16238 | Orc:2    | Noticed an ogre mage
 16242 | Orc:2    | Killed a two-headed ogre
 16247 | Orc:2    | Killed a two-headed ogre
 16249 | Orc:2    | Found Tumog's Assorted Antiques.
 16254 | Orc:2    | Killed an ogre mage
 16259 | Orc:2    | Found Louk's Antique Armour Shop.
 16269 | Orc:2    | Noticed a two-headed ogre
 16282 | Orc:2    | Killed a two-headed ogre
 16349 | Orc:2    | Killed a two-headed ogre
 16452 | Orc:2    | Found Rinoteth's Jewellery Shoppe.
 16495 | Orc:2    | Found Jafe's Assorted Antiques.
 16519 | Orc:2    | Bought a shiny buckler for 180 gold pieces
 16536 | Orc:2    | Bought the ring "Furosm Xiofi" {rC+ rCorr} for 564 gold
                  | pieces
 16589 | Orc:2    | Found Rahiuzuj's Firing Range.
 16616 | Orc:2    | Noticed Jorgrun
 16636 | Orc:2    | Killed Jorgrun
 16721 | Orc:2    | Found a staircase to the Elven Halls.
 17022 | Orc:2    | Bought a pair of ichor-stained gloves for 228 gold pieces
 17022 | Orc:2    | Identified the +0 pair of gloves of the Fiend {Stlth+} (You
                  | bought it in a shop on level 2 of the Orcish Mines)
 17123 | Lair:1   | Entered Level 1 of the Lair of Beasts
 17208 | Lair:1   | Reached XP level 13. HP: 125/125 MP: 13/13
 17226 | Lair:1   | Reached skill level 15 in Fighting
 17235 | Lair:1   | Identified the +3 leather armour of the Cherry {Str+2}
 17339 | Lair:1   | Reached ***** piety under Trog
 17726 | Lair:2   | Found a hole to the Spider Nest.
 17928 | Lair:2   | Received a gift from Trog
 18603 | Lair:3   | Noticed Snorg
 18620 | Lair:3   | Killed Snorg
 18783 | Lair:3   | Identified the +1 leather armour "Rumuem" {rN+}
 18901 | Lair:3   | Reached skill level 10 in Dodging
 19199 | Lair:3   | Found a staircase to the Shoals.
 19939 | Lair:4   | Found a viscous altar of Jiyva.
 19941 | Lair:4   | Found a staircase to the Slime Pits.
 20372 | Lair:5   | Entered Level 5 of the Lair of Beasts
 20631 | Lair:5   | Reached skill level 16 in Fighting
 20640 | Lair:5   | Reached XP level 14. HP: 127/137 MP: 14/14
 20658 | Lair:5   | Reached skill level 15 in Axes
 20868 | Lair:5   | Noticed Josephine
 20880 | Lair:5   | Killed Josephine
 21166 | Lair:5   | Identified the +10 broad axe of Exoneration {vorpal, rElec
                  | Str+3} (Trog gifted it to you on level 5 of the Lair of
                  | Beasts)
 21166 | Lair:5   | Received a gift from Trog
 21887 | D:8      | Bought a scroll of acquirement for 728 gold pieces
 21893 | D:8      | Acquired a ring of protection from fire
 22010 | Elf:1    | Entered Level 1 of the Elven Halls
 22053 | Elf:1    | Noticed a deep elf elementalist
 22061 | Elf:1    | Killed a deep elf elementalist
 22112 | Elf:1    | Found a frozen archway.
 22290 | Elf:1    | Found Aricwew's Weapon Boutique.
 22379 | Elf:1    | Found a magical portal.
 22383 | WizLab   | Entered Tukima's Studio
 22658 | WizLab   | Identified the +0 cloak of Geynk {rElec}
 22664 | WizLab   | Noticed a strange machine
 22670 | WizLab   | Noticed ymhsbmbesitwf's illusion
 22677 | WizLab   | Killed a strange machine
 22678 | WizLab   | Reached skill level 17 in Fighting
 22682 | WizLab   | HP: 8/210 [+2 longbow of freezing/arrow (4)]
 22687 | WizLab   | HP: 5/210 [+1 long sword of protection (9)]
 22688 | WizLab   | HP: 2/210 [+1 long sword of protection (4)]
 22807 | WizLab   | Identified the +0 hat of Rumput Ejuut {*Slow Str+3 Int+6}
 22810 | WizLab   | Identified the -1 hat of Ojimoluq {Drain Str+5}
 22817 | WizLab   | Noticed a walking divine tome
 22831 | WizLab   | Shot with a bolt by a +1 hand crossbow of venom

Illustrated notes

Levels and vault maps discovered:
D:1:      scummos_arrival_checkerplants, layout_loops_cross,
          ebering_ecumenical_altar_mist, serial_shops, nicolae_diamond_shop,
          grunt_decor_cap
D:2:      layout_loops_ring, kennysheep_generic_room_9
D:3:      layout_loops_corners, kennysheep_ying_yang, serial_co_window_serial,
          co_window_paths_b, co_window_corner_a, co_window_corner_a,
          co_window_paths_a, co_window_paths_a, co_window_paths_a,
          co_window_corner_b, co_window_broadway_b, co_window_broadway_a,
          co_window_2corner, co_window_unsneaky_path_c, co_window_corner_ca,
          co_window_broadway_c, glass_columns_a, glass_columns_a,
          glass_columns_a, dk_noncrumbling_4
D:4:      layout_loops_ring, nicolae_vehumet_altar_sigil,
          mainiacjoe_overflow_boulevard
D:5:      layout_basic, kennysheep_generic_room_10
D:6:      layout_loops_cross, lemuel_mausoleum_altar_kikubaaqudgha, temple_green
D:7:      layout_rooms, nicolae_overflow_crystal_walls, general_overflow_altar,
          mainiacjoe_overflow_six_doors_small, minmay_misc_feat_more_columns
D:8:      gammafunk_steamed_eel, layout_basic, serial_shops,
          nicolae_inconvenience_store, hangedman_decor_slide_cut, uniq_joseph,
          uniq_grum
D:9:      layout_long_grid, grunt_lair_entry_orc_guard_hut, uniq_erolcha
D:10:     layout_basic, erik_orc_4, nicolae_transporter_intersection
D:11:     layout_basic, serial_shops, nicolae_stop_n_shop_1, serial_glass,
          glass_columns_a, glass_columns_a, glass_columns_a, glass_columns_a,
          glass_columns_a, glass_columns_b, ashenzari_altar_1
D:12:     layout_basic
Temple:   nicolae_temple_ecumenical_triangle
Lair:1:   layout_roguey, grunt_megastairs_5
Lair:2:   layout_loops_ring, dummy_spider_entry
Lair:3:   layout_regular_city, shoals_dummy_entry, evilmike_ambush
          [evilmike_ambush_outer_corners, evilmike_ambush_inner_cross],
          lemuel_fruit_fields, lemuel_fruit_fields, uniq_snorg
Lair:4:   layout_small_grid, slime_entry_1, serial_bayou_shore_a
Lair:5:   grunt_lair_end_beastmaster, layout_cave_pods, uniq_josephine
Orc:1:    layout_caves
Orc:2:    st_orc_open, layout_caves, nicolae_shop_firing_range, uniq_jorgrun,
          uniq_urug
Elf:1:    layout_geoelf_grid, serial_shops, nicolae_shop_bloodbath_and_beyond,
          portal_ice_cave_entry_ice_simulacra, mu_enter_wizlab_4, orc_legates,
          minivault_8, grunt_megastairs_3
WizLab:   wizlab_tukima

Skill      XL: |  1  2  3  4  5  6  7  8  9 10 11 12 13 14 |
---------------+-------------------------------------------+-----
Fighting       | 4 5 6 7 8 10 11 13 14 16 17 | 17.1
Dodging        | 3 4 5 6 7 8 9 10 11 | 11.5
Axes           | 3 4 5 7 9 11 12 14 16 | 16.8
Shields        | 4 5 6 7 8 |  8.8

Action                   |  1- 3 |  4- 6 |  7- 9 | 10-12 | 13-15 || total
-------------------------+-------+-------+-------+-------+-------++-------
Melee: War axe           |    90 |   120 |   333 |   602 |   360 ||  1505
       Tailslap          |    12 |     9 |    58 |    91 |   113 ||   283
       Hand axe          |       |       |       |     9 |    54 ||    63
       Broad axe         |       |       |       |       |   196 ||   196
Throw: Dart              |       |       |     9 |    80 |     9 ||    98
       Boomerang         |       |       |       |     5 |       ||     5
       Javelin           |       |       |       |     1 |       ||     1
Invok: Berserk           |       |       |     2 |     3 |     3 ||     8
       Trog's Hand       |       |       |       |       |     3 ||     3
Evoke: Wand              |       |       |       |     1 |     1 ||     2
  Use: Potion            |     1 |     3 |     1 |     8 |     4 ||    17
       Scroll            |       |       |     7 |    19 |     7 ||    33
 Stab: Sleeping          |       |     1 |     2 |     1 |    15 ||    19
       Invisible         |       |       |       |     9 |       ||     9
       Distracted        |       |       |       |       |     2 ||     2
Armor: Skin              |    16 |    41 |   161 |   212 |   178 ||   608
Dodge: Dodged            |    55 |    79 |   236 |   440 |   341 ||  1151
Block: Buckler           |    21 |    39 |    78 |   149 |   216 ||   503
       Reflection        |       |       |       |       |    10 ||    10
